 Dungeon Crawl Stone Soup version 0.31-a0-569-g7ea453304b (webtiles) character file.

Game seed: 15716407862125183756

3061 Ethylacetat the Ducker (level 9, -8/54 HPs)
             Began as an Octopode Gladiator on Aug 18, 2023.
             Was an Elder of Dithmenos.
             Mangled by a manticore (11 damage)
             ... on level 7 of the Dungeon.
             The game lasted 00:12:48 (6618 turns).

Ethylacetat the Ducker (Octopode Gladiator)         Turns: 6618, Time: 00:12:49

Health: -8/54      AC:  9    Str: 18    XL:     9   Next: 88%
Magic:  13/13      EV: 13    Int: 11    God:    Dithmenos [****..]
Gold:   232        SH:  0    Dex: 17    Spells: 8/8 levels left

rFire   . .          .
                       - Unarmed
rCold   . . .        (shield currently unavailable)
rNeg    . . .        a - melded +0 hat
rPois   .            (no amulet)
rElec   .            (no ring)
rCorr   .            (no ring)
SInv    .            (no ring)
Will    .....        (no ring)
Stlth   ++           (no ring)
HPRegen 0.29/turn    (no ring)
MPRegen 0.13/turn    (no ring)
                     (no ring)

%: no passive effects
@: snake-form, wreathed by umbra
A: constrict, reduced hp, almost no armour, amphibious, 8 rings, large,
(camouflage 1), (gelatinous body 1), (nimble swimmer 1), (tentacles)
a: Begin Untransformation, Renounce Religion, Shadow Step


You were on level 7 of the Dungeon.
You worshipped Dithmenos.
Dithmenos was greatly pleased with you.
You were an enormous anaconda.
You visited 1 branch of the dungeon, and saw 7 of its levels.
You also visited: Sewer and Ossuary.

You collected 232 gold pieces.

Inventory:

Missiles
 b - 3 throwing nets (quivered)
 c - a javelin
 x - 8 silver javelins
Armour
 a - a +0 hat (melded)
Talismans
 E - a serpent talisman (active)
Wands
 A - a wand of paralysis (6)
Scrolls
 d - a scroll of silence {unknown}
 e - 6 scrolls of identify {unknown}
 g - a scroll of poison {unknown}
 h - 4 scrolls of amnesia {unknown}
 i - 4 scrolls of immolation
 k - 4 scrolls of vulnerability {unknown}
 m - a scroll of enchant weapon {unknown}
 o - 4 scrolls of brand weapon {unknown}
 r - 3 scrolls of teleportation {unknown}
 y - a scroll of fear {unknown}
 C - a scroll of revelation {unknown}
Potions
 f - 7 potions of curing {unknown}
 n - 3 potions of brilliance {unknown}
 p - 2 potions of lignification {unknown}
 q - a potion of resistance {unknown}
 s - 3 potions of enlightenment {unknown}
 t - a potion of might {unknown}
 u - a potion of berserk rage {unknown}
 v - 4 potions of haste {unknown}
 w - 2 potions of degeneration {unknown}
 z - 2 potions of mutation {unknown}
 B - 2 potions of heal wounds {unknown}
 D - a potion of magic {unknown}


   Skills:
 + Level 5.9 Fighting
 - Level 2.0 Throwing
 + Level 6.4 Dodging
 + Level 6.2 Unarmed Combat
 + Level 5.5 Invocations
 * Level 6.3 Shapeshifting


You had 8 spell levels left.
You didn't know any spells.
Your spell library contained the following spells:

 Spells                   Type           Power      Damage    Failure   Level
 Magic Dart               Conj           0%         1d3       34%         1
 Sting                    Tmut/Pois      0%         1d3       34%         1
 Call Imp                 Summ           0%         N/A       47%         2
 Poisonous Vapours        Pois/Air       0%         N/A       47%         2
 Inner Flame              Hex/Fire       0%         N/A       71%         3
 Mephitic Cloud           Conj/Pois/Air  0%         N/A       71%         3
 Flame Wave               Conj/Fire      0%         2d4       98%         4
 Olgreb's Toxic Radiance  Pois           0%         N/A       98%         4
 Passage of Golubria      Tloc           0%         N/A       98%         4
 Sticky Flame             Conj/Fire      0%         2d3       98%         4
 Freezing Cloud           Conj/Ice/Air   0%         6-21      100%        5
 Iskenderun's Battlesphe  Conj           0%         2d6       100%        5
 Silence                  Hex/Air        0%         N/A       100%        5
 Leda's Unmaking          Conj/Erth      0%         9d1       100%        6
 Spellforged Servitor     Conj/Summ      0%         N/A       100%        7
 Lehudib's Crystal Spear  Conj/Erth      0%         10d2      100%        8


Dungeon Overview and Level Annotations

Branches:
Dungeon (7/15)              Sewer (visited)         Ossuary (visited)
 Temple: D:4-7

Altars:
Cheibriados
Dithmenos
Makhleb
Okawaru
Xom

Shops:
D:1 [


Innate Abilities, Weirdness & Mutations

You are an enormous anaconda.
You have a powerful constriction melee attack.
Your maximum health is decreased, since you lack skill for your form.
Your armour is entirely melded.
You are incapable of wielding weapons or throwing items.
You cannot wear most types of armour.
You are amphibious.
You can wear up to eight rings at the same time.
((Your skin changes colour to match your surroundings (Stealth+).))
((Your rubbery body absorbs attacks. (AC +1, EV +1)))
((You are camouflaged when in or above water. (Stealth+)))
((You have tentacles for arms and can constrict up to eight enemies at once.))


Message History

Dithmenos accepts your kill.
No target in view!
No target in view!
Things that are here:
a +2 great sword; a +0 robe No target in view!
No target in view!
You open the door.
A manticore comes into view.
There is an open door here.
A tengu warrior comes into view. It is wielding a +3 great sword.
The tengu warrior shouts!
A hound comes into view.
A phantom comes into view.
The manticore bites you! The manticore claws you!
The manticore claws you but does no damage.
There are monsters nearby!
You closely miss the manticore. You grab the manticore.
You constrict the manticore.
A yak comes into view.
The manticore bites you. The manticore completely misses you.
The manticore claws you!
The yak bellows!
You hit the manticore.
The manticore is lightly wounded.
You constrict the manticore.
You hear a shout!
A centaur comes into view.
The manticore bites you! The manticore barely misses you.
The manticore claws you but does no damage.
You hear a shout!
Okay, then.
As you read the scroll labelled DUOHUNE PODOI, it crumbles to dust.
The creatures around you are filled with an inner flame!
It was a scroll of immolation.
You constrict the manticore.
Flame seeps out of the manticore.
The manticore is engulfed in blazing flames.
Flame seeps out of the manticore.
The manticore bites you!
* * * LOW HITPOINT WARNING * * *
The manticore completely misses you. The manticore claws you!
You die...

#####♣.♣#####
#.♣.♣.# #..♣..#
#.....# #..♣..#
#.♣.♣.# ##♣'♣##
#..>..#♣♣♣♣.##.
+..8..'SHWYQh.#
#..<).#♣♣♣♣.##.
##♣'♣## ♣.♣ .♣.
.♣ ♣ #♣


You could see a tengu warrior (inner flame), a manticore (inner flame), a yak
(inner flame), a phantom (inner flame) and a hound (inner flame).

Vanquished Creatures
  Sigmund (D:2)
  A steam dragon (D:6)
  2 water moccasins (D:6)
  3 ogres
  2 ice beasts
  A centaur (D:7)
  A phantom (D:6)
  4 elf zombies (Ossuary)
  A bullfrog (D:6)
  4 kobold brigands (Sewer)
  5 scorpions
  A wight (D:7)
  A howler monkey (D:5)
  A crimson imp (D:6)
  4 centaur zombies (Ossuary)
  4 human zombies (Ossuary)
  3 hounds
  An orc priest (D:7)
  Ijyb (D:5)
  2 sleepcaps
  3 iguanas
  Natasha (thrice) (D:4)
  5 orc wizards
  3 mummies (Ossuary)
  7 adders
  A river rat (Sewer)
  A shadow imp (D:6)
  2 ufetubi
  6 worms
  A dart slug (D:2)
  19 orcs
  7 endoplasms
  4 giant cockroaches
  7 goblins
  3 hobgoblins
  3 jackals (D:2)
  10 kobolds
  5 quokkas
  15 ball pythons
  6 bats
  A frilled lizard (D:2)
  11 rats
166 creatures vanquished.

Vanquished Creatures (others)
  A scorpion (D:5)
  3 hounds (D:5)
  3 iguanas (D:5)
  2 adders (D:5)
  A dart slug (D:5)
  An orc (D:5)
11 creatures vanquished.

Grand Total: 177 creatures vanquished

Notes
Turn   | Place    | Note
-------+----------+-------------------------------------------
     0 | D:1      | Ethylacetat the Octopode Gladiator began the quest for the
                  | Orb.
     0 | D:1      | Reached XP level 1. HP: 14/14 MP: 1/1
    27 | D:1      | Found a faded altar of an unknown god.
    77 | D:1      | Prayed at the altar of an unknown god.
    77 | D:1      | Became a worshipper of Dithmenos the Shadowed
    77 | D:1      | Reached * piety under Dithmenos
   235 | D:1      | Reached XP level 2. HP: 18/19 MP: 2/2
   318 | D:1      | Found Rotusofe's Armour Emporium.
   318 | D:1      | Noticed an animated gold dragon scales
   319 | D:1      | Noticed an animated plate armour
   488 | D:2      | Reached XP level 3. HP: 25/25 MP: 3/3
   497 | D:2      | Reached ** piety under Dithmenos
   668 | D:2      | Reached skill level 1 in Shapeshifting
   677 | D:2      | HP: 1/25 [orc/+0 war axe (4)]
   826 | D:2      | Reached XP level 4. HP: 30/30 MP: 4/4
   875 | D:2      | Noticed Sigmund
   889 | D:2      | Killed Sigmund
   890 | D:2      | Reached skill level 1 in Invocations
   890 | D:2      | Reached XP level 5. HP: 36/36 MP: 4/6
   890 | D:2      | Reached XP level 6. HP: 42/42 MP: 4/7
  1695 | D:3      | Found an iron altar of Okawaru.
  2249 | D:4      | Noticed Natasha
  2255 | D:4      | Killed Natasha
  2260 | D:4      | Noticed Natasha
  2266 | D:4      | Killed Natasha
  2288 | D:4      | Noticed Natasha
  2296 | D:4      | Killed Natasha
  2399 | D:4      | Found a snail-covered altar of Cheibriados.
  2564 | D:4      | Found a sand-covered staircase.
  2568 | Ossuary  | Entered an ossuary
  2591 | Ossuary  | Reached XP level 7. HP: 31/46 MP: 8/8
  2609 | Ossuary  | Reached *** piety under Dithmenos
  2823 | Ossuary  | Reached XP level 8. HP: 43/54 MP: 10/10
  3241 | D:5      | Entered Level 5 of the Dungeon
  3350 | D:5      | Reached skill level 5 in Dodging
  3403 | D:5      | Reached skill level 5 in Unarmed Combat
  3467 | D:5      | Found a glowing drain.
  3487 | Sewer    | Entered a sewer
  3787 | Sewer    | Reached **** piety under Dithmenos
  4337 | Sewer    | Reached skill level 5 in Shapeshifting
  4405 | D:5      | Noticed Ijyb
  4414 | D:5      | Paralysed by Ijyb for 2 turns
  4418 | D:5      | Killed Ijyb
  4419 | D:5      | Reached skill level 5 in Fighting
  4685 | D:5      | Reached XP level 9. HP: 61/61 MP: 12/12
  4725 | D:5      | Found a shimmering altar of Xom.
  5678 | D:6      | Reached skill level 5 in Invocations
  6272 | D:6      | Found a burning altar of Makhleb.
  6613 | D:7      | Noticed a manticore
  6615 | D:7      | Noticed a tengu warrior
  6618 | D:7      | Mangled by a manticore

Illustrated notes

Levels and vault maps discovered:
D:1:      reono_arrival_forest_river, layout_basic, serial_shops,
          nicolae_shop_mannequins, nicolae_ecumenical_lake_church,
          minmay_quantized
D:2:      layout_rooms, grunt_ministairs_8, uniq_sigmund
D:3:      layout_loops_corners, lemuel_doored_altar
D:4:      layout_loops_cross, mainiacjoe_overflow_brackets,
          lightli_ossuary_entry_decrepit_ruins, uniq_natasha
D:5:      layout_loops_ring, xom_confusion_cloud, cheibrodos_sewer_entry_drain,
          minmay_misc_feat_cross, uniq_ijyb
D:6:      layout_basic, makhleb_grotto_becter, kennysheep_generic_room_8
D:7:      nzn_winding_woodlands_stair_cross [nzn_winding_woodlands_5x15_eye,
          nzn_winding_woodlands_center_triple_pond,
          nzn_winding_woodlands_5x15_crooked,
          nzn_winding_woodlands_5x5_checkerboard,
          nzn_winding_woodlands_hourglass, nzn_winding_woodlands_5x15_sawtooth,
          nzn_winding_woodlands_center_diamonds,
          nzn_winding_woodlands_5x15_twine], layout_basic,
          minmay_temple_entry_proselytizer, uniq_jeremiah

Skill      XL: |  1  2  3  4  5  6  7  8  9 |
---------------+----------------------------+-----
Shapeshifting  | 1 2 3 5 6 |  6.3
Fighting       | 3 4 5 |  5.9
Invocations    | 1 2 3 4 5 |  5.5
Dodging        | 4 5 6 |  6.4
Unarmed Combat | 4 5 6 |  6.2
Throwing       | |  2.0

Action                     |  1- 3 |  4- 6 |  7- 9 || total
---------------------------+-------+-------+-------++-------
  Melee: Unarmed           |    83 |    68 |   346 ||   497
         Constrict         |    29 |    14 |    63 ||   106
         Tentacles         |    18 |    19 |   107 ||   144
         Punch             |     2 |     3 |     9 ||    14
    Use: Scroll            |       |       |     1 ||     1
   Stab: Sleeping          |    10 |     5 |    23 ||    38
 Armour: Skin              |     5 |       |    16 ||    21
  Dodge: Dodged            |    60 |    46 |   204 ||   310
   Form: Anaconda          |       |       |     1 ||     1
         Flux              |       |       |     1 ||     1

Table legend: (Time is in decaauts)
 A = Elapsed time spent in this place.
 B = Non-inter-level travel time spent in this place.
 C = Inter-level travel time spent in this place.
 D = Time resting spent in this place.
 E = Time spent auto-exploring this place.
 F = Levels seen in this place.
 G = Mean time per level.
                   A        B        C        D        E       F      G
               +--------+--------+--------+--------+--------+-----+--------+
         Total |   6572 |   6457 |    115 |    165 |   5039 |   9 |  730.2 |
       Dungeon |   5332 |   5217 |    115 |      2 |   4316 |   7 |  761.7 |
         Sewer |    896 |    896 |      0 |    153 |    532 |   1 |  896.0 |
       Ossuary |    342 |    342 |      0 |     10 |    191 |   1 |  342.0 |
               +--------+--------+--------+--------+--------+-----+--------+

Top non-repeatable levels by time:
     D:6: 1394 daAuts
     D:3: 951 daAuts
   Sewer: 896 daAuts
     D:4: 793 daAuts
     D:5: 784 daAuts
     D:2: 693 daAuts
     D:1: 440 daAuts
 Ossuary: 342 daAuts
     D:7: 275 daAuts
